 Dungeon Crawl Stone Soup version 0.20.0-9-g8272e65 (webtiles) character file.

10671 Peloso the Carver (level 11, -5/97 HPs)
             Began as a Minotaur Fighter on June 3, 2017.
             Was a High Priest of Okawaru.
             Slain by an eight-headed hydra (6 damage)
             ... on level 11 of the Dungeon.
             The game lasted 00:31:52 (11100 turns).

Peloso the Carver (Minotaur Fighter)               Turns: 11100, Time: 00:31:52

Health: -5/97      AC: 19    Str: 22    XL:     11   Next: 39%
Magic:  0/11       EV: 11    Int:  5    God:    Okawaru [*****.]
Gold:   720        SH:  0    Dex: 12    Spells: 10/10 levels left

rFire    . . .     SeeInvis .   i - +2 whip (flame)
rCold    . . .     Gourm    .   (no shield)
rNeg     . . .     Faith    .   E - +0 plate armour
rPois    .         Spirit   +   (helmet restricted)
rElec    .         Reflect  .   j - +0 cloak
rCorr    .         Harm     .   (no gloves)
MR       .....                  (no boots)
Stlth    ..........             w - amulet of guardian spirit
Regen    0.3/turn               (no ring)
MPRegen  0.2/turn               (no ring)

@: heroism
A: retaliatory headbutt, horns 2
a: Heroism, Finesse, Renounce Religion


You were on level 11 of the Dungeon.
You worshipped Okawaru.
Okawaru was extremely pleased with you.
You were not hungry.

You visited 1 branch of the dungeon, and saw 11 of its levels.
You also visited: Sewer.

You collected 790 gold pieces.
You spent 70 gold pieces at shops.

Inventory:

Hand Weapons
 a - a +1 long sword
 e - the +10 great sword "Vodoiq" {freeze, rN+ Dex+2}
   (You acquired it on level 10 of the Dungeon)

   It has been specially enchanted to freeze those struck by it, causing extra
   injury to most foes and up to half again as much damage against particularly
   susceptible opponents.
   It can also slow down cold-blooded creatures.
   It affects your dexterity (+2).
   It protects you from negative energy.
 i - a +2 whip of flaming (weapon)
 y - a +5 vampiric demon blade
 F - a +2 falchion of freezing
Armour
 c - a +1 shield
 j - a +0 cloak (worn)
 E - a +0 plate armour (worn)
Jewellery
 w - an amulet of guardian spirit (around neck)
Wands
 b - a wand of acid (15/15)
 B - a wand of flame (25/48)
Scrolls
 g - a scroll of enchant weapon
 h - 4 scrolls of teleportation
 k - 3 scrolls of remove curse
 n - 4 scrolls of amnesia
 v - 2 scrolls of blinking
 C - 4 scrolls of magic mapping
 H - 2 scrolls of enchant armour
Potions
 d - 2 potions of might
 m - 2 potions of agility
 o - 2 potions of invisibility
 s - 3 potions of magic
 u - 2 potions of brilliance {unknown}
 x - 5 potions of curing {unknown}
 z - a potion of heal wounds
 A - a potion of flight {unknown}
Books
 t - Witityefa's Papyrus of Earthen Sinister Rites
   (You found it on level 8 of the Dungeon)

   Spells                             Type                      Level
   a - Sandblast                      Earth                        1
   b - Regeneration                   Charms/Necromancy            3
   c - Stone Arrow                    Conjuration/Earth            3
   d - Vampiric Draining              Necromancy                   3
   e - Control Undead                 Necromancy                   4
   f - Bolt of Draining               Conjuration/Necromancy       5
Comestibles
 f - 3 bread rations
 p - 6 meat rations
 q - 2 fruits
 D - 3 royal jellies
 G - 2 chunks of flesh


   Skills:
 + Level 9.1(14.1) Fighting
 + Level 12.7(17.7) Long Blades
 + Level 12.2(17.2) Armour
 + Level 3.1(8.1) Dodging
 + Level 1.4(6.4) Stealth
 + Level 8.9(13.9) Shields
 + Level 0.2 Invocations
 + Level 2.0 Evocations


You had 10 spell levels left.
You didn't know any spells.

Dungeon Overview and Level Annotations

Branches:
Dungeon (11/15)            Temple (0/1) D:6            Lair (0/6) D:8
    Orc (0/2) D:9

Altars:
Ashenzari
Cheibriados
Elyvilon
Hepliaklqana
Makhleb
Okawaru
Qazlal
Sif Muna
Trog
Vehumet
Xom
Yredelemnul
Zin

Shops:
D:5 *

Annotations:
D:6 2 transporters


Innate Abilities, Weirdness & Mutations

You reflexively headbutt those who attack you in melee.
You have a pair of horns on your head.


Message History

The eight-headed hydra bites you but does no damage. x3
The eight-headed hydra bites you!
* * * LOW HITPOINT WARNING * * *
The eight-headed hydra bites you!
* * * LOW HITPOINT WARNING * * *
The eight-headed hydra bites you.
* * * LOW HITPOINT WARNING * * *
The eight-headed hydra bites you.
* * * LOW HITPOINT WARNING * * *
The eight-headed hydra bites you but does no damage.
You whack the eight-headed hydra! You burn the eight-headed hydra.
You headbutt the eight-headed hydra.
The eight-headed hydra is almost dead.
The eight-headed hydra bites you.
* * * LOW HITPOINT WARNING * * *
The eight-headed hydra bites you but does no damage. x3
The eight-headed hydra misses you. The eight-headed hydra bites you!
* * * LOW HITPOINT WARNING * * *
The eight-headed hydra bites you.
You die...

.# .###########
.#..)......# #
.#.#######.# .l .#.#
#.# .# .#.# #.# ..
...# #.# ##.# ...###
#.########...# .....#
#......@Do.#
.###.#####.##.####.##
.# #..........# #...
.###..#.####### #..##
............# #..#
#.....#.###.# #..#
#..#.##.## .# #..#
#..#.#...##.#.. ....
#..............


You could see an eight-headed hydra and an orc.

Vanquished Creatures
  The ghost of xash the Martial Artist, a journeyman OpMo of Cheibriados (D:10)
  2 two-headed ogres
  Urug (D:10)
  2 unseen horrors (D:10)
  Pikel (D:7)
  2 hornets
  2 trolls (D:10)
  Prince Ribbit (D:9)
  A hippogriff (D:8)
  A meliai zombie (D:9)
  A wyvern (D:8)
  3 yaks (D:10)
  A shadow (D:11)
  Purgy (Sewer)
  2 sky beasts
  A slave (D:7)
  6 orc warriors
  2 ice beasts (D:8)
  2 ogres
  A black bear (D:9)
  2 phantoms (D:4)
  3 centaurs
  2 big kobolds (D:8)
  4 bullfrogs
  A gnoll sergeant (D:8)
  5 scorpions
  3 wights (D:7)
  2 crimson imps
  6 hounds
  5 orc priests
  4 bullfrog skeletons
  3 centaur skeletons
  14 orc wizards
  8 worker ants
  An iguana (D:10)
  A hound zombie (D:10)
  A hound skeleton (D:3)
  2 worker ant zombies
  A howler monkey zombie (D:6)
  12 gnolls
  A howler monkey skeleton (D:7)
  15 adders
  2 river rats (D:5)
  A shadow imp (D:7)
  An adder zombie (D:8)
  An adder skeleton (D:7)
  3 worms
  2 dart slugs (D:2)
  4 leopard geckos
  50 orcs
  16 bats
  11 giant cockroaches
  6 goblins
  7 hobgoblins
  18 jackals
  18 kobolds
  5 quokkas
  5 frilled lizards
  A giant cockroach zombie (D:5)
  A leopard gecko zombie (D:6)
  7 rats
289 creatures vanquished.

Vanquished Creatures (others)
  A slave (D:7)
  An orc (D:4)
2 creatures vanquished.

Grand Total: 291 creatures vanquished

Notes
Turn   | Place    | Note
-------+----------+-------------------------------------------
     0 | D:1      | Peloso the Minotaur Fighter began the quest for the Orb.
     0 | D:1      | Reached XP level 1. HP: 19/19 MP: 0/0
   195 | D:1      | Reached XP level 2. HP: 26/27 MP: 1/1
   665 | D:2      | Reached XP level 3. HP: 33/33 MP: 2/2
   712 | D:2      | Found a shimmering altar of Xom.
  1261 | D:2      | Reached XP level 4. HP: 37/40 MP: 3/3
  1658 | D:3      | Found a stormy altar of Qazlal.
  1976 | D:2      | Reached XP level 5. HP: 23/47 MP: 4/4
  1981 | D:2      | Reached skill level 1 in Dodging
  2295 | D:3      | Found a basalt altar of Yredelemnul.
  2681 | D:4      | Noticed a phantom
  2697 | D:4      | Reached skill level 5 in Armour
  2709 | D:4      | Reached skill level 5 in Fighting
  2709 | D:4      | Reached XP level 6. HP: 46/56 MP: 3/5
  2720 | D:4      | Reached skill level 5 in Long Blades
  2807 | D:4      | Found a hazy altar of Hepliaklqana.
  2837 | D:4      | HP: 1/56 [ogre/giant spiked club (17)]
  3183 | D:4      | Reached XP level 7. HP: 51/61 MP: 6/6
  3184 | D:4      | Found a snail-covered altar of Cheibriados.
  3194 | D:4      | Found an iron altar of Okawaru.
  3200 | D:4      | Became a worshipper of Warmaster Okawaru
  3351 | D:4      | Found a bloodstained altar of Trog.
  3358 | D:4      | Found a shattered altar of Ashenzari.
  3631 | D:4      | Reached skill level 5 in Shields
  4372 | D:5      | Entered Level 5 of the Dungeon
  4407 | D:5      | Reached * piety under Okawaru
  4449 | D:5      | Found a radiant altar of Vehumet.
  4475 | D:5      | Found Qaepulia's General Store.
  4482 | D:5      | Bought a potion of heal wounds for 70 gold pieces
  4634 | D:5      | Reached XP level 8. HP: 70/70 MP: 7/7
  4679 | D:5      | Found a glowing drain.
  4686 | Sewer    | Entered a sewer
  4703 | Sewer    | Noticed Purgy
  4711 | Sewer    | Killed Purgy
  5109 | D:5      | Found a deep blue altar of Sif Muna.
  5403 | D:6      | Found a staircase to the Ecumenical Temple.
  5451 | D:6      | Found a transporter.
  5454 | D:6      | Noticed a death knight
  5457 | D:6      | Found a transporter.
  5468 | D:6      | Found a white marble altar of Elyvilon.
  5919 | D:6      | Found a burning altar of Makhleb.
  6052 | D:6      | Found a shimmering altar of Xom.
  6466 | D:7      | Noticed Pikel
  6492 | D:7      | Killed Pikel
  6492 | D:7      | Reached ** piety under Okawaru
  6575 | D:7      | Reached XP level 9. HP: 75/78 MP: 8/8
  6699 | D:7      | Reached skill level 1 in Stealth
  7038 | D:8      | Reached *** piety under Okawaru
  7350 | D:8      | Noticed a two-headed ogre
  7360 | D:8      | Killed a two-headed ogre
  7360 | D:8      | Reached **** piety under Okawaru
  7360 | D:8      | Reached skill level 10 in Long Blades
  7364 | D:8      | Identified Witityefa's Papyrus of Earthen Sinister Rites
  7573 | D:8      | Found a staircase to the Lair.
  7633 | D:8      | Reached XP level 10. HP: 79/88 MP: 9/9
  7665 | D:8      | Reached skill level 10 in Armour
  7886 | D:8      | Found a glowing silver altar of Zin.
  8348 | D:9      | Found a staircase to the Orcish Mines.
  8681 | D:9      | Reached skill level 1 in Evocations
  8774 | D:9      | Noticed Prince Ribbit
  8786 | D:9      | Killed Prince Ribbit
  8811 | D:9      | Reached ***** piety under Okawaru
  8944 | D:9      | Paralysed by a hornet for 3 turns
  9123 | D:10     | Entered Level 10 of the Dungeon
  9524 | D:10     | Noticed a two-headed ogre
  9532 | D:10     | Killed a two-headed ogre
  9661 | D:10     | Noticed Urug
  9814 | D:10     | Killed Urug
  9977 | D:10     | Identified 3 scrolls of acquirement
  9980 | D:10     | Got a translucent great sword
  9986 | D:10     | Identified the +10 great sword "Vodoiq" {freeze, rN+ Dex+2} (You acquired it on level 10 of the Dungeon)
 10226 | D:10     | Noticed xash's ghost (journeyman OpMo)
 10236 | D:10     | Killed xash's ghost
 10236 | D:10     | Received a gift from Okawaru
 10236 | D:10     | Reached XP level 11. HP: 90/95 MP: 8/11
 10266 | D:10     | Killed an unseen horror
 10300 | D:10     | Killed an unseen horror
 11011 | D:11     | Paralysed by a hornet for 3 turns
 11091 | D:11     | Noticed an eight-headed hydra
 11100 | D:11     | HP: 1/97 [eight-headed hydra (8)]
 11100 | D:11     | Slain by an eight-headed hydra

Skill      XL: |  1  2  3  4  5  6  7  8  9 10 11 |
---------------+----------------------------------+-----
Fighting       | 4 5 6 7 8 9 |  9.1
Armour         | 4 5 7 8 9 11 12 | 12.2
Shields        | 4 5 7 8 |  8.9
Long Blades    | 3 4 5 6 8 10 12 | 12.7
Dodging        | 1 2 3 |  3.1
Stealth        | 1 |  1.4
Evocations     | 2 |  2.0
Invocations    | |  0.2

Action                   |  1- 3 |  4- 6 |  7- 9 | 10-12 || total
-------------------------+-------+-------+-------+-------++-------
Melee: Long sword        |    81 |   152 |   252 |       ||   485
       Headbutt          |    14 |    29 |    82 |    63 ||   188
       Falchion          |       |       |   168 |   219 ||   387
       Great sword       |       |       |       |    58 ||    58
       Whip              |       |       |       |     3 ||     3
Invok: Heroism           |       |       |     1 |     1 ||     2
Evoke: Wand              |       |       |       |    17 ||    17
  Use: Scroll            |       |       |    14 |    12 ||    26
  Eat: Chunk             |     1 |     6 |    15 |     8 ||    30
       Fruit             |       |       |       |     4 ||     4
Armor: Scale mail        |    54 |     7 |       |       ||    61
       Chain mail        |       |    66 |   129 |       ||   195
       Plate armour      |       |       |    60 |   180 ||   240
Dodge: Dodged            |    32 |    47 |   116 |    70 ||   265
Block: Shield            |    60 |       |    85 |    98 ||   243
       Buckler           |       |    35 |    60 |       ||    95
       Rpst.: Long sword |     6 |    18 |    22 |       ||    46
       Falchion          |       |       |     8 |     8 ||    16
       Great sword       |       |       |       |     8 ||     8
